 Dungeon Crawl Stone Soup version 0.28.0-43-g3370ac3207 (webtiles) character file.

Game seed: 10609296737103258565

6166 tizbic2 the Fighter (level 10, 0/114 HPs)
             Began as an Ogre Fighter on Mar 6, 2022.
             Was an Elder of Wu Jian.
             Slain by an ufetubus (3 damage)
             ... summoned by a ynoxinul
             ... summoned by a kobold demonologist
             ... on level 9 of the Dungeon.
             The game lasted 00:42:07 (8969 turns).

tizbic2 the Fighter (Ogre Fighter)                  Turns: 8969, Time: 00:42:08

Health: 0/114      AC:  2    Str: 30    XL:     10   Next: 90%
Magic:  10/10      EV:  7    Int:  9    God:    Wu Jian [****..]
Gold:   304        SH: 10    Dex:  8    Spells: 8/9 levels left

rFire   + + .      SeeInvis .   k - +9 short sword of Discomfort {vorpal, rPois Str+4}
rCold   x . .      Faith    .   E - +0 kite shield
rNeg    . . .      Spirit   .   j - +0 fire dragon scales
rPois   +          Reflect  .   (helmet restricted)
rElec   .          Harm     .   H - +0 cloak
rCorr   .          Rampage  .   (gloves unavailable)
Will    +....                   (boots unavailable)
Stlth   ..........              (no amulet)
HPRegen 0.29/turn               a - +4 ring of protection
MPRegen 0.12/turn               c - +4 ring of protection

@: corroded
A: large, unfitting armour, tough skin 1
a: Renounce Religion, Wall Jump, Serpent's Lash


You were on level 9 of the Dungeon.
You worshipped Wu Jian.
Wu Jian was greatly pleased with you.
You visited 1 branch of the dungeon, and saw 9 of its levels.

You collected 304 gold pieces.

Inventory:

Hand Weapons
 b - a +0 mace of protection
 k - the +9 short sword of Discomfort (weapon) {vorpal, rPois Str+4}
   (You found it on level 2 of the Dungeon)

   It inflicts extra damage upon your enemies.
   Str:       It affects your strength (+4).
   rPois:     It protects you from poison.
 w - a +1 spear of flaming
 F - a +0 dagger of venom
Missiles
 d - 270 stones
 r - 9 boomerangs (quivered)
 u - 2 atropa-tipped darts
 K - 19 poisoned darts
Armour
 j - +0 fire dragon scales (worn)
 E - a +0 kite shield (worn)
 H - a +0 cloak (worn)
Jewellery
 a - a +4 ring of protection (left hand)
 c - a +4 ring of protection (right hand)
 e - a ring of wizardry
Wands
 x - a wand of mindburst (11)
 z - a wand of acid (5)
 D - a wand of polymorph (9)
 G - a wand of digging (6)
 J - a wand of paralysis (6)
Scrolls
 i - 2 scrolls of noise
 l - 6 scrolls of teleportation
 n - a scroll of immolation
 o - a scroll of silence
 q - 2 scrolls of amnesia
 s - a scroll of summoning
 t - a scroll of fear
 v - a scroll of brand weapon
 y - a scroll of holy word
 A - a scroll of magic mapping
 L - a scroll of identify
Potions
 f - 3 potions of heal wounds {unknown}
 g - a potion of haste {unknown}
 h - 2 potions of mutation {unknown}
 m - 7 potions of curing {unknown}
 p - a potion of ambrosia
 B - a potion of lignification {unknown}
 C - a potion of might
 I - 2 potions of attraction {unknown}
 M - a potion of brilliance {unknown}


   Skills:
 + Level 11.2 Fighting
 * Level 7.3 Short Blades
 + Level 1.0 Armour
 - Level 2.6 Dodging
 - Level 10.7 Shields
 - Level 1.7 Unarmed Combat


You had 8 spell levels left.
You knew the following spells:

 Your Spells              Type           Power      Damage    Failure   Level
a - Freeze                Ice            0%         1d3       88%         1

Your spell library contained the following spells:

 Spells                   Type           Power      Damage    Failure   Level
 Sublimation of Blood     Necr           0%         N/A       95%         2
 Wereblood                Tmut           0%         N/A       95%         2
 Frozen Ramparts          Ice            0%         1d2       99%         3
 Portal Projectile        Hex/Tloc       0%         N/A       99%         3
 Hailstorm                Conj/Ice       0%         3d3       100%        4
 Blade Hands              Tmut           0%         N/A       100%        5
 Excruciating Wounds      Necr           0%         N/A       100%        5
 Summon Hydra             Summ           0%         N/A       100%        7


Dungeon Overview and Level Annotations

Branches:
Dungeon (9/15)             Temple (0/1) D:6
   Lair: D:8-11         Orc: D:9-12

Altars:
Ashenzari
Cheibriados
Dithmenos
Gozag
Nemelex Xobeh
Okawaru
Qazlal
Sif Muna
Uskayaw
Wu Jian
Zin


Innate Abilities, Weirdness & Mutations

You are too large for most types of armour.
You have tough skin. (AC +1)


Message History

The kobold demonologist is severely wounded.
The ynoxinul gestures at you. The iron shot hits you!!
The kobold demonologist hits you but does no damage.
The kobold brigand hits you with a +0 dagger.
The rust devil hits you. The rust devil corrodes you!
You hit the kobold demonologist but do no damage.
The kobold demonologist is severely wounded.
The rust devil disappears in a puff of smoke!
The ynoxinul gestures.
The kobold demonologist hits you with a +0 dagger.
The iron imp hits you!
* * * LOW HITPOINT WARNING * * *
You hit the kobold demonologist but do no damage.
The kobold demonologist is severely wounded.
The kobold brigand hits you with a +0 dagger.
* * * LOW HITPOINT WARNING * * *
The ufetubus hits you.
* * * LOW HITPOINT WARNING * * *
The ufetubus hits you.
* * * LOW HITPOINT WARNING * * *
You hit the kobold demonologist but do no damage.
The kobold demonologist is severely wounded.
The kobold demonologist barely misses you.
The ynoxinul gestures at you. The iron shot hits you!
* * * LOW HITPOINT WARNING * * *
The ufetubus closely misses you. x2
The kobold brigand hits you with a +0 dagger.
* * * LOW HITPOINT WARNING * * *
The iron imp hits you!
* * * LOW HITPOINT WARNING * * *
Okay, then.
Okay, then.
Aiming: Wall Jump
Press: ? - help, Dir - move target You repeatedly attack the ufetubus from above.
You miss the ufetubus. You hit the ufetubus but do no damage.
The ufetubus hits you.
You die...

#.# ######'##........#
#.# #.......#.########
#.# #...≈...#.# #.#
#..≈≈...#.# #.#
#.5.....#.######## #.#
#35.≈≈≈.'.....<..#
###.###.K5..≈≈≈≈≈≈.....#
##≈≈≈≈##K5○○..≈..≈≈≈≈#..#
#....≈.#K○@°...###.≈≈≈#.#
.#####.≈≈≈≈...°○○...#
#.#≈##.#
#..........##########
#.### .# #..........# #.#
# ≈≈..........# #.#
#≈≈(........# #.#
##.........5#
#########'## #K#


You could see a kobold demonologist, a ynoxinul (summoned), a kobold brigand, an
iron imp (summoned), 3 ufetubi and a kobold.

Vanquished Creatures
  Joseph (D:7)
  2 kobold demonologists (D:9)
  4 slime creatures (D:7)
  6 yaks (D:8)
  3 steam dragons
  A water moccasin (D:7)
  Duvessa (D:7)
  3 orc warriors
  An ice beast (D:5)
  A black bear (D:7)
  3 ogres
  2 necrophages
  A centaur (D:7)
  A phantom (D:6)
  A kobold brigand (D:8)
  2 bullfrogs
  4 scorpions
  Dowan (D:7)
  A water moccasin skeleton (D:5)
  9 killer bees (D:8)
  5 wights (D:8)
  A bullfrog zombie (D:7)
  A centaur zombie (D:8)
  A jelly (D:7)
  Crazy Yiuf (D:7)
  2 orc priests (D:7)
  A gnoll shaman (D:5)
  Ijyb (D:5)
  3 iguanas
  10 orc wizards
  A hound skeleton (D:4)
  3 adders
  12 gnolls
  A howler monkey skeleton (D:5)
  9 river rats (D:6)
  3 shadow imps (D:6)
  2 white imps
  3 ufetubi
  6 worms
  6 dart slugs
  27 orcs
  4 ball pythons
  3 bats (D:2)
  9 endoplasms
  6 hobgoblins
  2 quokkas (D:4)
  4 frilled lizards
  5 goblins
  9 kobolds
  19 rats
208 creatures vanquished.

Notes
Turn   | Place    | Note
-------+----------+-------------------------------------------
     0 | D:1      | tizbic2 the Ogre Fighter began the quest for the Orb.
     0 | D:1      | Reached XP level 1. HP: 24/24 MP: 1/1
   508 | D:1      | Reached XP level 2. HP: 31/32 MP: 2/2
   690 | D:1      | Found a faded altar of an unknown god.
   945 | D:2      | Reached XP level 3. HP: 17/40 MP: 3/3
  1344 | D:2      | Identified the +9 short sword of Discomfort {vorpal, rPois
                  | Str+4}
  1613 | D:3      | Found a shimmering blue altar of Sif Muna.
  1671 | D:3      | Reached XP level 4. HP: 38/49 MP: 4/4
  1882 | D:3      | Found an opulent altar of Gozag.
  1930 | D:3      | Found a stormy altar of Qazlal.
  2080 | D:3      | Found a sparkling altar of Nemelex Xobeh.
  2101 | D:3      | Learned a level 1 spell: Freeze
  2373 | D:4      | Reached skill level 5 in Fighting
  2425 | D:4      | Reached skill level 1 in Short Blades
  2425 | D:4      | Reached XP level 5. HP: 41/57 MP: 3/5
  2525 | D:4      | Found a hide-covered altar of Uskayaw.
  2746 | D:4      | Found an ornate altar of the Wu Jian Council.
  2749 | D:4      | Became a worshipper of the Wu Jian Council
  3260 | D:5      | Entered Level 5 of the Dungeon
  3269 | D:4      | Reached XP level 6. HP: 47/66 MP: 6/6
  3399 | D:4      | Reached skill level 5 in Shields
  3695 | D:4      | Reached skill level 6 in Fighting
  3915 | D:5      | Found an iron altar of Okawaru.
  3915 | D:5      | Found a shadowy altar of Dithmenos.
  3916 | D:5      | Found a glowing silver altar of Zin.
  3932 | D:5      | Noticed an ice beast
  3963 | D:5      | Killed an ice beast
  3964 | D:5      | Reached XP level 7. HP: 14/75 MP: 7/7
  4385 | D:5      | Reached * piety under Wu Jian
  4809 | D:5      | Noticed Ijyb
  4817 | D:5      | Killed Ijyb
  5155 | D:6      | Reached skill level 7 in Fighting
  5155 | D:6      | Reached XP level 8. HP: 76/87 MP: 8/8
  5240 | D:6      | Found a staircase to the Ecumenical Temple.
  5475 | D:6      | Reached ** piety under Wu Jian
  6023 | D:7      | Reached skill level 8 in Fighting
  6100 | D:7      | Reached XP level 9. HP: 93/97 MP: 9/9
  6121 | D:7      | Noticed Joseph
  6359 | D:7      | Found a broken altar of Ashenzari.
  6459 | D:7      | Reached skill level 5 in Short Blades
  6632 | D:7      | Noticed Dowan
  6633 | D:7      | Noticed Duvessa
  6640 | D:7      | Killed Duvessa
  6641 | D:7      | Reached skill level 9 in Fighting
  6644 | D:7      | Killed Dowan
  6690 | D:7      | Found a runed translucent door.
  6691 | D:7      | Noticed Crazy Yiuf
  6696 | D:7      | Killed Crazy Yiuf
  6817 | D:7      | Killed Joseph
  6835 | D:7      | Reached *** piety under Wu Jian
  7415 | D:7      | Reached skill level 10 in Fighting
  7415 | D:7      | Reached XP level 10. HP: 61/110 MP: 10/10
  7819 | D:8      | Reached skill level 10 in Shields
  8307 | D:8      | Identified the +5 hand axe "Orb Guardian's Doom" {vorpal,
                  | Str+4}
  8332 | D:8      | Reached skill level 11 in Fighting
  8552 | D:8      | Found a snail-covered altar of Cheibriados.
  8904 | D:9      | Noticed a kobold demonologist
  8904 | D:9      | Noticed a kobold demonologist
  8904 | D:9      | Noticed a kobold demonologist
  8906 | D:9      | Noticed a soul eater
  8921 | D:9      | Noticed a smoke demon
  8922 | D:9      | Noticed a rust devil
  8925 | D:9      | Killed a kobold demonologist
  8928 | D:9      | Killed a kobold demonologist
  8928 | D:9      | Reached **** piety under Wu Jian
  8929 | D:9      | Reached skill level 1 in Armour
  8952 | D:9      | Noticed a rust devil
  8968 | D:9      | HP: 2/114 [iron imp[a kobold demonologist] (9)]
  8969 | D:9      | Slain by an ufetubus

Illustrated notes

Levels and vault maps discovered:
D:1:      onia_arrival_mini_maze_b, layout_basic, serial_rivers,
          chequers_serial_rivers_small_a, chequers_serial_rivers_micro_c,
          chequers_serial_rivers_large_a, chequers_serial_rivers_room_b,
          dreamdust_ecumenical_altar_statues
D:2:      layout_rooms
D:3:      layout_loops_ring, lemuel_coloured_pillars_altar,
          mainiacjoe_overflow_concentric_impassable,
          mainiacjoe_overflow_boulevard, nemelex_xobeh_ov_fountains_minmay,
          serial_glass, glass_columns_b, glass_columns_a, glass_columns_b,
          glass_columns_b, glass_columns_c, glass_columns_b, glass_columns_b,
          glass_columns_a, glass_columns_b, glass_columns_a,
          wander_ebering_terrifying_dragon_lair
D:4:      layout_basic, nicolae_uskayaw_dance_hall, kennysheep_mini_moat,
          minmay_liquid_box, grunt_decor_cap
D:5:      layout_cave_pools, gammafunk_temple_overflow_forgotten,
          nicolae_wormholes, uniq_ijyb
D:6:      layout_loops_cross, minmay_temple_entry_statues_pillars,
          dk_rats_in_the_wall
D:7:      layout_rooms, nicolae_ashenzari_skybound, uniq_duvessa, uniq_joseph,
          uniq_crazy_yiuf_cottage
D:8:      layout_basic, mainiacjoe_overflow_brackets
D:9:      layout_basic, xom_shifter_show, serial_rivers,
          chequers_serial_rivers_micro_d, chequers_serial_rivers_micro_e,
          chequers_serial_rivers_small_b, chequers_serial_rivers_small_a,
          chequers_serial_rivers_small_b, chequers_serial_rivers_micro_b,
          chequers_serial_rivers_small_a, uniq_grum, uniq_harold

Skill      XL: |  1  2  3  4  5  6  7  8  9 10 |
---------------+-------------------------------+-----
Shields        | 3 4 5 6 7 9 10 | 10.7
Fighting       | 5 6 7 8 10 11 | 11.2
Short Blades   | 1 2 3 4 6 7 |  7.3
Armour         | 1 |  1.0
Dodging        | |  2.6
Unarmed Combat | |  1.7

Action                   |  1- 3 |  4- 6 |  7- 9 | 10-12 || total
-------------------------+-------+-------+-------+-------++-------
Melee: Unarmed           |    26 |       |       |    12 ||    38
       Mace              |    68 |       |       |       ||    68
       Short sword       |    18 |    73 |   272 |   183 ||   546
Throw: Stone             |    14 |     3 |     2 |     2 ||    21
       Boomerang         |       |       |       |     1 ||     1
 Cast: Freeze            |       |     2 |       |       ||     2
Invok: Lunge             |       |     5 |    23 |    12 ||    40
       Whirlwind         |       |       |    20 |    24 ||    44
 Abil: Wall Jump         |       |       |     4 |     3 ||     7
Evoke: Wand              |       |       |     4 |       ||     4
  Use: Scroll            |     1 |     4 |     9 |       ||    14
       Potion            |       |     3 |       |       ||     3
 Stab: Sleeping          |     3 |       |       |       ||     3
Armor: Robe              |    33 |     9 |    31 |       ||    73
       Steam dragon scal |       |       |    56 |     2 ||    58
       Fire dragon scale |       |       |       |    66 ||    66
       Skin              |       |       |       |     6 ||     6
Dodge: Dodged            |    49 |    35 |    63 |    46 ||   193
Block: Kite shield       |    56 |    25 |    93 |    66 ||   240
